Cogmind - Beta 13 *** ADVENTURER MODE // 2024.07.12 @ 19:35:52 Player: Clifton Toaster Reid Result: Destroyed by G-47 Trooper with Particle Gun Performance ------------- Evolutions (2) 1000 Regions Visited (4) 800 Robots Destroyed (38) 190 Value Destroyed (1062) 1062 Prototype IDs (7) 140 Alien Tech Used (0) 0 Bonus (131) 131 TOTAL SCORE: 3323 Bonus ------- Follower Combat Kills 146 Friendly Fire -15 Cogmind --------- Core Integrity 0/550 Matter 300/300 Energy 100/100 System Corruption 5% Temperature Cool (9) Movement Core (1350) Ox26 Location -8/Materials Parts ------- > --- POWER (2) -------- (None) > --- PROPULSION (3) --- (None) > --- UTILITY (3) ------ Huge Storage Unit Transport Network Coupler > --- WEAPON (3) ------- (None) > --- INVENTORY (25) --- Light Treads Large Matter Pod (150) Sensor Array Peak State ------------ > --- POWER ------------ Ion Engine Light Deuterium Engine > --- PROPULSION ------- Wheel Wheel > --- UTILITY ---------- Heat Sink Huge Storage Unit Transport Network Coupler > --- WEAPON ----------- Improved Medium Laser Assault Rifle Light Assault Rifle > --- INVENTORY -------- Improved Ion Engine Light Treads Light Treads Large Matter Pod Sensor Array Particle Gun Light Assault Rifle Datajack Mining Laser [Rating: 15] Favorites ----------- Power Ion Engine Engine Ion Engine Power Core Light Nuclear Core Propulsion Wheel Treads Light Treads Leg Carbon-fiber Leg Wheel Wheel Flight Unit Flight Unit Utility Huge Storage Unit Device Seismic Detector Storage Huge Storage Unit Processor Transport Network Coupler Weapon Assault Rifle Energy Gun Particle Gun Ballistic Gun Assault Rifle Special Weapon Mining Laser Special Melee Weapon Datajack Build | -11 -10 -10 -9 -8 ------- Run | Yrd Mat Min Mat Mat Slots Evolved 4 | . . . 2 2 Power 1 | . . . 1 . Propulsion 1 | . . . . 1 Utility 1 | . . . 1 . Weapon 1 | . . . . 1 Parts Attached 52 | 5 11 13 7 16 Power 7 | . . 1 1 5 Engine 6 | . . 1 1 4 Core 1 | . . . . 1 Reactor . | . . . . . Propulsion 15 | 2 . 7 2 4 Treads 5 | . . 3 . 2 Leg 2 | . . . . 2 Wheel 6 | 2 . 2 2 . Hover . | . . . . . Flight 2 | . . 2 . . Utility 14 | 1 6 3 3 1 Device 8 | . 2 3 3 . Storage 5 | 1 4 . . . Processor 1 | . . . . 1 Hackware . | . . . . . Protection . | . . . . . Artifact . | . . . . . Weapon 16 | 2 5 2 1 6 Energy Gun 4 | . 1 . 1 2 Energy Cannon . | . . . . . Ballistic Gun 7 | 2 2 1 . 2 Ballistic Cannon . | . . . . . Launcher . | . . . . . Special Weapon 1 | . . . . 1 Impact Weapon . | . . . . . Slashing Weapon . | . . . . . Piercing Weapon . | . . . . . Special Melee Weapon 4 | . 2 1 . 1 Unidentified Prototypes 1 | . . . 1 . Parts Lost 20 | . 1 . 4 15 Power 5 | . . . 1 4 Propulsion 6 | . 1 . 1 4 Utility 3 | . . . 2 1 Weapon 6 | . . . . 6 Highest Loss Streak 4 | . 1 . 4 4 To Critical Strikes 1 | . . . . 1 Average Slot Usage (%) 87 | . 78 99 93 76 Engine 11 | . . 13 17 13 Treads 6 | . . 14 6 1 Wheel 14 | . 21 13 15 12 Device 12 | . 12 14 20 5 Storage 12 | . 15 14 11 9 Processor 2 | . . . . 9 Energy Gun 10 | . 8 14 11 7 Ballistic Gun 10 | . 16 1 11 14 Special Melee Weapon 4 | . 3 12 . . Naked Turns . | . . . . . Heaviest Build 99 | 8 86 91 97 99 Greatest Support 40 | 26 26 40 20 40 Greatest Overweight (x) 32 | 1 8 9 9 32 Average Overweight (x) 5 | . 2 7 6 4 Largest Inventory Capacity 25 | 8 25 25 25 25 Average Capacity 23 | 7 15 25 25 25 Most Carried 10 | 8 10 10 10 9 Average Carried 7 | 4 7 8 8 6 Final Capacity 25 | 8 25 25 25 25 Final Carried 10 | 4 10 10 9 3 Class Distribution -------------------- 74% | Mutant 22% | Scavenger-Skirmisher Dominant Class ---------------- Mutant | -10/Materials Mutant | -10/Mines Mutant | -9/Materials Scavenger-Skirmisher | -8/Materials Resources | -11 -10 -10 -9 -8 ----------- Run | Yrd Mat Min Mat Mat Matter Collected 1079 | 250 297 114 162 256 Remotely . | . . . . . Salvage Created 1200 | . 177 114 336 573 Parts 71 | . 10 10 20 31 Haulers Intercepted . | . . . . . Recyclers Shooed . | . . . . . Parts Field Recycled . | . . . . . Retrieved Matter . | . . . . . Parts Self-Destructed . | . . . . . Prevented . | . . . . . Kills | -11 -10 -10 -9 -8 ------- Run | Yrd Mat Min Mat Mat Combat Hostiles Destroyed 32 | . 3 5 8 16 Guns 31 | . 3 5 8 15 Cannons 1 | . . . . 1 Classes Destroyed 8 | . 2 1 3 2 Builder 1 | . . . 1 . Operator 1 | . . . . 1 Watcher 4 | . 2 . 1 1 Swarmer 14 | . . 3 3 8 Grunt 12 | . 3 2 2 5 Brawler 2 | . . . 1 1 Sentry 3 | . . . 2 1 Hunter 1 | . . . . 1 Best Kill Streak 5 | . 2 3 4 5 Combat Bots Only 5 | . 2 3 4 5 Max Kills in Single Turn 2 | . 1 1 2 1 Gunslinging 1 | . . . 1 . Exploded . | . . . . . Melee . | . . . . . Uniques/NPCs Destroyed . | . . . . . Combat | -11 -10 -10 -9 -8 -------- Run | Yrd Mat Min Mat Mat Hostile Shots Fired 273 | . 24 18 46 185 Missed 70 | . 8 6 11 45 Damage Taken 2357 | . 200 81 385 1691 Core 719 | . 54 4 103 558 Absorbed by Shields . | . . . . . Ignored by Resistances 691 | . 59 26 112 494 Regen/Repaired (Parts) 63 | . . . . 63 Core Remaining (%) 83 | 100 . 76 74 . Volleys Fired 109 | . 13 12 26 58 Largest 3 | . 2 2 2 3 Hottest 105 | . 85 85 85 105 Shots Fired 228 | . 26 14 49 139 Gun 221 | . 26 14 49 132 Cannon . | . . . . . Launcher . | . . . . . Special 7 | . . . . 7 Kinetic 135 | . 16 3 26 90 Thermal 93 | . 10 11 23 49 Explosive . | . . . . . Electromagnetic . | . . . . . Robot Hit Streak 12 | . 5 4 10 12 Robot Miss Streak 3 | . 1 1 3 3 Penetration Max . | . . . . . Secondary Targets 9 | . . 1 3 5 Max Gunslinging Chain 1 | . . 1 1 1 Shots Hit Robots 174 | . 25 14 36 99 Core Hits 68 | . 8 5 17 38 Critical Kills . | . . . . . Critical Parts Destroyed . | . . . . . Critical Strikes 4 | . . 1 2 1 Burn 4 | . . 1 2 1 Melee Attacks 11 | . 7 4 . . Impact . | . . . . . Slashing . | . . . . . Piercing . | . . . . . Sneak Attacks 9 | . 6 3 . . Combat Hostiles . | . . . . . Follow-up Attacks . | . . . . . Damage Inflicted 2254 | . 251 148 593 1262 Guns 2069 | . 251 148 584 1086 Cannons . | . . . . . Explosions . | . . . . . Melee . | . . . . . Ramming 17 | . . . 9 8 Kinetic 975 | . 142 15 257 561 Thermal 1262 | . 109 133 327 693 Explosive . | . . . . . Electromagnetic . | . . . . . Impact . | . . . . . Slashing . | . . . . . Piercing . | . . . . . Highest Corruption 10 | . . . 10 5 Average Corruption 6 | . . . 7 4 Corruption Purged . | . . . . . Corruption Blocked . | . . . . . Effects 11 | . . . 7 4 Message Errors 3 | . . . 3 . Matter Fused 2 | . . . 1 1 Heat Flow Errors 2 | . . . 1 1 Energy Discharges 2 | . . . 2 . Parts Rejected 1 | . . . . 1 Data Loss (minor) 1 | . . . . 1 Overload Shots . | . . . . . Overflow Damage . | . . . . . Projectiles . | . . . . . Explosions . | . . . . . Melee . | . . . . . Knockbacks . | . . . . . Impact . | . . . . . Kinetic . | . . . . . Secondary . | . . . . . Self-Inflicted Damage 4 | . . . 4 . Shots . | . . . . . Rammed 2 | . . . 1 1 Targets Rammed 4 | . . . 1 3 Kicked 2 | . . . . 2 Crushed . | . . . . . Highest Temperature 303 | . 54 96 277 303 Average Temperature 60 | . 16 32 94 58 Received Heat Transfer 1134 | . 117 24 111 882 Effects 2 | . . . 2 . Interference 2 | . . . 2 . Siege Activations . | . . . . . Robots Corrupted . | . . . . . Combat Hostiles . | . . . . . Parts Fried . | . . . . . Impact Corruptions . | . . . . . Robots Melted . | . . . . . Combat Hostiles . | . . . . . Parts Melted 5 | . . 2 1 2 Heat Transferred 3162 | . 259 407 888 1608 Parts Sabotaged . | . . . . . Parts Stolen . | . . . . . Parts Stripped . | . . . . . Power Chain Reactions . | . . . . . Alert | -11 -10 -10 -9 -8 ------- Run | Yrd Mat Min Mat Mat Peak Influence 377 | . 99 80 377 294 Initial 63 | . . . 19 63 Average 90 | . 18 25 223 134 Maximum Alert Level 1 | . . . 1 1 Low Security (%) 80 | 100 100 100 34 73 Level 1 19 | . . . 65 26 Level 2 . | . . . . . Level 3 . | . . . . . Level 4 . | . . . . . Level 5 . | . . . . . High Security . | . . . . . Max Security . | . . . . . Squads Dispatched 1 | . . . . 1 Investigation 1 | . . . . 1 Extermination . | . . . . . Reinforcement . | . . . . . Assault . | . . . . . Garrison . | . . . . . Intercept . | . . . . . Searches Triggered . | . . . . . Construction Impeded . | . . . . . Haulers Reinforced . | . . . . . Active Scanning Responses . | . . . . . Cargo Convoy Interrupts . | . . . . . Stealth | -11 -10 -10 -9 -8 --------- Run | Yrd Mat Min Mat Mat Distress Signals 2 | . . . 1 1 Communications Jammed . | . . . . . Distress Signals . | . . . . . Times Spotted 52 | . 7 7 15 23 Peak Tracking Total 6 | . 2 3 4 6 Tactical Retreats . | . . . . . Traps | -11 -10 -10 -9 -8 ------- Run | Yrd Mat Min Mat Mat Traps Triggered 3 | . . . 3 . Indirectly . | . . . . . Trap Hack Attempts . | . . . . . Triggered . | . . . . . Disarmed . | . . . . . Reprogrammed . | . . . . . Reused . | . . . . . Traps Extracted . | . . . . . Installed . | . . . . . Triggered 2 | . . 2 . . Machines | -11 -10 -10 -9 -8 ---------- Run | Yrd Mat Min Mat Mat Machines Disabled 3 | . . . 3 . Max in Single Turn 1 | . . . 1 . Machines Repaired . | . . . . . Machines Dismantled . | . . . . . Machines Sabotaged . | . . . . . Overloaded Fab Kills . | . . . . . Hacking | -11 -10 -10 -9 -8 --------- Run | Yrd Mat Min Mat Mat Machines Accessed 5 | . 2 . 1 2 Terminals 4 | . 2 . 1 1 Fabricators . | . . . . . Repair Stations 1 | . . . . 1 Recycling Units . | . . . . . Scanalyzers . | . . . . . Garrison Access . | . . . . . Total Hacks 12 | . 4 . 3 5 Successful 8 | . 3 . 2 3 Failed 4 | . 1 . 1 2 Catastrophic . | . . . . . Database Lockouts . | . . . . . Manual 5 | . 1 . 2 2 Terminals 8 | . 4 . 3 1 Fabricators . | . . . . . Repair Stations 4 | . . . . 4 Recycling Units . | . . . . . Scanalyzers . | . . . . . Garrison Access . | . . . . . Terminal Hacks 6 | . 3 . 2 1 Prototype ID Bank 4 | . 2 . 2 . Dispatch Records 1 | . 1 . . . Reinforcement Status 1 | . . . . 1 Fabricator Hacks . | . . . . . Repair Station Hacks 2 | . . . . 2 Scan Component 1 | . . . . 1 Repair 1 | . . . . 1 Recycling Unit Hacks . | . . . . . Scanalyzer . | . . . . . Garrison Access Hacks . | . . . . . Unauthorized Hacks . | . . . . . Terminals . | . . . . . Fabricators . | . . . . . Repair Stations . | . . . . . Recycling Units . | . . . . . Scanalyzers . | . . . . . Garrison Access . | . . . . . Data Cores Recovered . | . . . . . Used . | . . . . . Hacking Detections 4 | . 2 . 1 1 Full Trace Events 3 | . 1 . 1 1 Feedback Events . | . . . . . Feedback Blocked . | . . . . . Robot Schematics Acquired . | . . . . . Robots Built . | . . . . . Authchips . | . . . . . Time . | . . . . . Total Robot Build Rating . | . . . . . Part Schematics Acquired . | . . . . . Parts Built . | . . . . . Authchips . | . . . . . Time . | . . . . . Total Part Build Rating . | . . . . . Parts Repaired 1 | . . . . 1 Time 32 | . . . . 32 Parts Recycled . | . . . . . Recycled Matter . | . . . . . Retrieved Matter . | . . . . . Retrieved Components . | . . . . . Parts Scanalyzed . | . . . . . Part Schematics Acquired . | . . . . . Parts Damaged . | . . . . . Bothacking | -11 -10 -10 -9 -8 ------------ Run | Yrd Mat Min Mat Mat Used RIF Installer . | . . . . . Robots Hacked 3 | . 2 1 . . Non-combat 3 | . 2 1 . . Combat . | . . . . . Robot Hacks Applied 6 | . 3 3 . . parse_system 2 | . 1 1 . . no_distress 4 | . 2 2 . . Relay Couplers Released . | . . . . . Fabnet Peak Effective % . | . . . . . Robots Rewired . | . . . . . Allies Hacked . | . . . . . Hacks Repelled . | . . . . . Allies | -11 -10 -10 -9 -8 -------- Run | Yrd Mat Min Mat Mat Total Allies 1 | . . 1 . . Largest Group 1 | . . 1 1 . Highest-Rated Group 31 | . . 31 31 . Highest-Rated Ally 31 | . . 31 31 . Total Orders . | . . . . . Ally Attacks 34 | . . 7 27 . Total Damage 401 | . . 65 336 . Kills 10 | . . 1 9 . Allies Corrupted . | . . . . . Allies Melted . | . . . . . Intel | -11 -10 -10 -9 -8 ------- Run | Yrd Mat Min Mat Mat Robot Analysis Total . | . . . . . Derelict Logs Recovered . | . . . . . Drone Launches . | . . . . . Drone Recoveries . | . . . . . Exploration | -11 -10 -10 -9 -8 ------------- Run | Yrd Mat Min Mat Mat Turns Passed 2987 | 72 517 969 505 924 Spaces Moved 1492 | 73 321 441 232 425 Core 29 | 26 . . . 3 Treads 19 | . . 6 . 13 Legs 17 | . . . . 17 Wheels 1427 | 47 321 435 232 392 Hover . | . . . . . Flight . | . . . . . Fastest Speed 50 | 50 90 200 140 140 Average Speed 166 | 81 124 202 175 170 Slowest Speed 1650 | 100 200 320 215 1650 Overloaded Moves . | . . . . . Propulsion Burnouts . | . . . . . Robots Hopped . | . . . . . Cave-ins Triggered . | . . . . . Exploration Rate (%) 26 | 4 40 37 19 30 Regions Visited 4 Branch Regions 1 Pre-discovered Areas . | . . . . . Known Exits Taken . | . . . . . Unknown Exits Taken 4 | 1 1 1 1 . Scrap Searched . | . . . . . Spaces Dug . | . . . . . Terrain Destroyed . | . . . . . Melee . | . . . . . Projectile . | . . . . . AOE . | . . . . . Terrain Rammed . | . . . . . Walls Destroyed . | . . . . . Machines Disabled . | . . . . . Actions | -11 -10 -10 -9 -8 --------- Run | Yrd Mat Min Mat Mat Total 1778 | 85 405 497 279 512 Wait 80 | . 46 22 10 2 Move 1488 | 72 320 440 231 425 Hop . | . . . . . Pick Up 29 | 8 7 4 4 6 Fast Attach 1 | 1 . . . . Attach 25 | 4 1 3 5 12 Detach 1 | . . . . 1 Swap 26 | . 10 10 2 4 Drop 4 | . 1 2 . 1 Fire 109 | . 13 12 26 58 Melee 11 | . 7 4 . . Ram 1 | . . . 1 . Kick 2 | . . . . 2 Crush 1 | . . . . 1 Escape Stasis . | . . . . . Rewire . | . . . . . Trap . | . . . . . Miscellaneous . | . . . . . Route ------- -11/Scrapyard -10/Materials -10/Mines -9/Materials -8/Materials (discovered 1 exit: [*Fac]) History --------- Turn | Location | Event 6 | -11/Scrapyard | Discovered new exit (range 16) 73 | -11/Scrapyard | Entered Materials 312 | -10/Materials | Build established: Mutant 519 | -10/Materials | Discovered new exit (range 16) 590 | -10/Materials | Entered Mines 863 | -10/Mines | Escorted by a lone wolf Derelict 1517 | -10/Mines | Discovered new exit (range 11) 1559 | -10/Mines | Entered Materials 1559 | -9/Materials | Accompanied by 1 ally 1559 | -9/Materials | Evolved 2 slots: Power x1, Utility x1 1881 | -9/Materials | Lost 4 parts (1p1n2u) 1957 | -9/Materials | Discovered new exit (range 15) 2054 | -9/Materials | System corruption reached 10% 2064 | -9/Materials | Entered another Materials area 2064 | -8/Materials | Evolved 2 slots: Propulsion x1, Weapon x1 2354 | -8/Materials | Build established: Scavenger-Skirmisher 2663 | -8/Materials | Lost 4 parts (1p1n1u1w) 2693 | -8/Materials | Discovered new exit (range 7) 2797 | -8/Materials | Repaired Broken Particle Gun 2830 | -8/Materials | Lost 3 parts (1p1n1w) 2900 | -8/Materials | Core integrity fell below 50% 2905 | -8/Materials | Lost 4 parts (1p3w) 2971 | -8/Materials | Core integrity fell below 20% 2975 | -8/Materials | Lost 4 parts (1p2n1w) 2988 | -8/Materials | Destroyed by G-47 Trooper with Particle Gun Last Messages --------------- Datajack destroyed. System corrupted by crushing effect (+1). System corrupted: Matter fused (-5). B-36 Bruiser destroyed. System corrupted: Heat flow error (+202). K-01 Serf collects debris. R-06 Scavenger collects Lgt. Nuclear Core. K-01 Serf collects debris. Acquired 37 matter. R-06 Scavenger collects Imp. Heat Sink. Lgt. Nuclear Core destroyed. Mining Laser destroyed. Carbon-fiber Leg destroyed. Critical hit (Burn: +37). Lgt. Treads destroyed. Critical hit (Burn: +37). System corrupted: Component data lost. Kicked G-47 Trooper. Critical hit (Burn: +37). System corrupted: Carbon-fiber Leg rejected. Map ----- +----------------------------------------------------+ | | | | | | | | | | | | | | | | | | | | | | | | | | | | | | | | | ????????????????????????#######??????????????????? | | ???????????????????????#] #??????????????????? | | ???????????????????????# =]] #??????????????????# | | ???????????????????????# =]] #??????????????????# | | ???????????????????????#! =] ???????????????????# | | ???????????????????????# ????????????????????# | | ??????????????????###+## ?????????????????????# | | ??????????????????# ##/#########+###??????????# | | ??????????????????+ %g #??????????# | | ??????????????????# T @ g +???????#### | | ??????????????????# ######## ##### #???????# | | ??????????????????## #???????# #???#=#???????# | | ???????????????????# ???????##/#####+######??# | | ???????????????????# ????????#= % %!# #??# | | ???????????????????#?????????#"""*[ "" # < #??# | | ????????????????????a????????#"R[ """%# #??# | | ?????????????????????????????#""" "" / !#### | | ?????????????????????????????# # * %[ | | ?????????????????????????????# # !% | | ?????????????????????????????# # % | | ?????????????????????????????# ######## | | ?????????????????????????????###########??????#% | | ??????????????????????????????????????????????#! | | ??????????????????????????????????????????????/ | | ??????????????????????????????????????????????# | | ??????????????????????????????????????????????# | | ??????????????????????????????????????????????# | | ??????????????????????????????????????????????# | | ??????????????????????????????????????????????# | | ??????????????????????????????????????????????# | | ??????????????????????????????????????????????# | | ??????????????????????????????????????????????# | | ??????????????????????????????????????????????# | | ??????????????????????????????????????????????? | +----------------------------------------------------+ Best States ------------- Heat Dissipation 41 Energy Generation 19 Energy Capacity 415 Matter Stores 300 Matter Capacity 450 Sight Range 16 Robot Scan Range 14 Terrain Scan Range 14 Terrain Scan Density 10 Resistance: KI 20 Resistance: TH 20 Resistance: EX 20 Resistance: EM 20 Resistance: I 20 Resistance: S 20 Resistance: P 20 Evasion (%) 42 Recoil Reduction 2 Offensive Hacking 10 Item Schematics ----------------- None Robot Schematics ------------------ None Fabricated ------------ Nothing Alien Tech Used ----------------- None Achievements -------------- System Compromised Challenges ------------ None Game ------ Seed MobileModifiedWings Manual? 0 Play Time 00:32:30 Cumulative 1.8 hours Start 2024.07.12 @ 19:06:46 End 2024.07.12 @ 19:35:52 Sessions 1 Manual Loads 0 Difficulty Adventurer Special Mode None Game No. 3 Rogue 0 Adventurer 3 Explorer 0 Win Type - Total 0 Types 0/0/0/0/0/0/0/0/0 Lore% 2 Gallery% 4 Achievement% 4 Wizard Run 0 Options --------- Layout 2 ASCII 0 Keyboard 0 Movement Arrows Keybinds 0 Fullscreen 1 Font 32/SmallcapsGlow Map View 50x44 Zoom Use 0% Tactical HUD 0 Map Filters NONE Filters NONE Steam SD RUN: afb71b3b-206f-4124-b02f-968566f5a922